 Dungeon Crawl Stone Soup version 0.17-a0-2027-gcac42c4 (webtiles) character file.

644 kosy22 the Shield-Bearer (level 7, -13/61 HPs)
             Began as a Hill Orc Fighter on Oct 10, 2015.
             Was a Follower of Beogh.
             Mangled by an ogre
             ... wielding a +0 giant club
              (14 damage)
             ... on level 5 of the Dungeon.
             The game lasted 00:11:01 (4702 turns).

kosy22 the Shield-Bearer (Hill Orc Fighter)         Turns: 4702, Time: 00:11:01

Health: -13/61     AC:  7    Str: 21    XL:     7   Next: 52%
Magic:  7/7        EV:  6    Int:  8    God:    Beogh [*.....]
Gold:   158        SH: 16    Dex: 10    Spells: 0 memorised, 6 levels left

rFire  . . .     SeeInvis .     a - +0 war axe
rCold  . . .     Clarity  .     b - +0 scale mail
rNeg   . . .     SustAt   .     e - +0 large shield
rPois  .         Gourm    .     (no helmet)
rElec  .         Spirit   .     (no cloak)
rCorr  .         Warding  .     (no gloves)
rMut   .         Stasis   .     (no boots)
MR     .....                    (no amulet)
Stlth  ..........               (no ring)
                                (no ring)

@: lethally poisoned (-13 -> -19), not resistant to hostile enchantments,
extremely unstealthy
A: no striking features
a: Renounce Religion


You were on level 5 of the Dungeon.
You worshipped Beogh.
Beogh was aware of your devotion.
You were not hungry.

You visited 1 branch of the dungeon, and saw 5 of its levels.

You collected 158 gold pieces.

Inventory:

Hand Weapons
 a - a +0 war axe (weapon)
Armour
 b - a +0 scale mail (worn)
 c - a +0 shield
 e - a +0 large shield (worn)
Wands
 u - a wand of slowing (17)
Scrolls
 f - a scroll of enchant armour {unknown}
 h - a scroll of fog {unknown}
 j - a scroll of amnesia {unknown}
 k - 4 scrolls of identify
 m - 2 scrolls of remove curse {unknown}
 t - a scroll of immolation {unknown}
 v - a scroll of noise {unknown}
 w - a scroll of enchant weapon {unknown}
Potions
 d - a potion of might
 g - a potion of cancellation {unknown}
 i - a potion of lignification {unknown}
 n - 4 potions of curing {unknown}
 q - 2 potions of agility {unknown}
 r - a potion of poison
 s - 2 potions of haste
 x - a potion of flight {unknown}
 A - a potion of invisibility {unknown}
Miscellaneous
 o - a plain deck of destruction {Venom, drawn: 2}
Comestibles
 l - 2 meat rations
 p - 2 bread rations
 z - a beef jerky


   Skills:
 + Level 5.1 Fighting
 + Level 5.1 Axes
 + Level 5.1 Armour
 + Level 2.4 Dodging
 + Level 0.1 Stealth
 + Level 5.6 Shields
 + Level 0.2 Evocations


You had 6 spell levels left.
You didn't know any spells.

Dungeon Overview and Level Annotations

Branches:
Dungeon (5/15)
 Temple: D:4-7

Altars:
Gozag
Nemelex Xobeh
Ru
Sif Muna
Xom

Shops:
D:3 *


Message History

You block the shadow imp's attack. The ogre hits you with a giant club!
You block the shadow imp's attack.
You slash the shadow imp!
You kill the shadow imp!
Beogh accepts your kill.
You barely miss the ogre. You block the ogre's attack.
You hit the ogre.
The ogre is lightly wounded.
The ogre hits you with a giant club!!
You slash the ogre!
The ogre is heavily wounded.
The ogre hits you with a giant club!!
* * * LOW HITPOINT WARNING * * *
Drink which item? (? for menu, Esc to quit)
It was a potion of poison.
That liquid tasted very nasty...
You are lethally poisoned!
* * * LOW HITPOINT WARNING * * *
You feel sick. The ogre hits you with a giant club!
You die...

#.8.8.##
#.._..## #
##...##. #.
##.##.< #..
#...[## #..#
#.#).## ##...#
#.#.))#
#....O#########
#..)...
#.....@.......#
#......
#.....#######.#
#.).... .......
#.###.....#
...%...
#..........
.####.#
#####...### #.
#...# #. #..[#
.. .....#
.....##


You could see an ogre.

Vanquished Creatures
  Sigmund (D:2)
  An iguana (D:5)
  3 orc priests
  A jelly (D:5)
  2 orc wizards
  A hound (D:5)
  Terence (D:2)
  Natasha (thrice) (D:2)
  3 gnolls (D:5)
  4 adders
  A shadow imp (D:5)
  2 oozes
  2 adder skeletons (D:5)
  6 worms
  11 orcs
  8 bats
  4 goblins
  10 hobgoblins
  2 jackals (D:1)
  A quokka (D:3)
  7 giant cockroaches
  3 giant geckos
  A giant gecko zombie (D:3)
  4 giant newts
  7 kobolds
  6 rats
95 creatures vanquished.

Vanquished Creatures (others)
  A giant frog (D:4)
  An orc priest (D:4)
  An orc wizard (D:4)
  3 orcs (D:4)
6 creatures vanquished.

Grand Total: 101 creatures vanquished

Notes
Turn   | Place    | Note
--------------------------------------------------------------
     0 | D:1      | kosy22 the Hill Orc Fighter began the quest for the Orb.
     0 | D:1      | Reached XP level 1. HP: 19/19 MP: 1/1
   121 | D:1      | Reached XP level 2. HP: 22/27 MP: 2/2
   637 | D:1      | Reached XP level 3. HP: 33/33 MP: 3/3
   986 | D:2      | Noticed Natasha
   989 | D:2      | Found a sparkling altar of Nemelex Xobeh.
   992 | D:2      | Killed Natasha
  1120 | D:2      | Noticed Terence
  1130 | D:2      | Reached skill level 4 in Armour
  1130 | D:2      | Reached XP level 4. HP: 31/40 MP: 4/4
  1135 | D:2      | Killed Terence
  1135 | D:2      | Reached skill level 1 in Dodging
  1357 | D:2      | Noticed Natasha
  1366 | D:2      | Killed Natasha
  1401 | D:2      | Noticed Natasha
  1406 | D:2      | Killed Natasha
  1573 | D:2      | Noticed Sigmund
  1586 | D:2      | Killed Sigmund
  1586 | D:2      | Reached XP level 5. HP: 36/47 MP: 5/5
  1586 | D:2      | Reached XP level 6. HP: 40/53 MP: 6/6
  2253 | D:3      | Found Gozag's Platinum Reserve.
  2255 | D:3      | Found an opulent altar of Gozag.
  2612 | D:3      | Found a faded altar to an unknown god.
  2861 | D:3      | Found a shimmering altar of Xom.
  3124 | D:4      | Became a worshipper of Beogh the Brigand
  3142 | D:4      | Found a shimmering altar of Xom.
  3270 | D:4      | Reached skill level 5 in Shields
  3599 | D:4      | Found a shimmering altar of Xom.
  3599 | D:4      | Found a shimmering altar of Xom.
  3599 | D:4      | Found a shimmering altar of Xom.
  3600 | D:4      | Found a shimmering altar of Xom.
  3841 | D:4      | Found a sacrificial altar of Ru.
  3931 | D:5      | Entered Level 5 of the Dungeon
  3955 | D:5      | Reached XP level 7. HP: 45/60 MP: 7/7
  3963 | D:5      | Acquired Beogh's first power
  4277 | D:5      | Reached skill level 5 in Fighting
  4505 | D:5      | Reached skill level 5 in Armour
  4529 | D:5      | Reached skill level 5 in Axes
  4530 | D:5      | Found a deep blue altar of Sif Muna.
  4701 | D:5      | HP: 2/61 [ogre/giant club (19)]
  4702 | D:5      | Mangled by an ogre

Vault maps used:
D:1:      shiori_arrival_oz, serial_glass, glass_columns_a, glass_columns_b,
          glass_columns_a, glass_columns_a, glass_columns_a, glass_columns_a,
          glass_columns_a, glass_columns_c, glass_columns_b, glass_columns_b
D:2:      nemelex_deck, uniq_sigmund, uniq_natasha, uniq_terence
D:3:      nicolae_gozag_zags_fifth_avenue, lemuel_crystal_altar, first_bread,
          ecumenical_altar_2
D:4:      nicolae_ru_sacrificial_ziggurat, xom_redecorated
D:5:      led_sif_book, kennysheep_dice

Action                   |  1- 3 |  4- 6 |  7- 9 || total
-------------------------+-------+-------+-------++-------
Melee: War axe           |    78 |   181 |    59 ||   318
Invok: Convert to Beogh  |       |     1 |       ||     1
Evoke: Deck              |     2 |       |       ||     2
  Use: Scroll            |       |     1 |       ||     1
       Potion            |       |       |     1 ||     1
  Eat: Bread ration      |     1 |     1 |       ||     2
       Meat ration       |       |     1 |       ||     1
